 Dungeon Crawl Stone Soup version 0.27-a0-906-g0a00ce863d (webtiles) character file.

Game seed: 6343730646584495708

74 Lanoc the Caller (level 4, -7/41 HPs)
             Began as a Troll Summoner on Apr 6, 2021.
             Was a Believer of Kikubaaqudgha.
             Mangled by a killer bee (8 damage)
             ... on level 4 of the Dungeon.
             The game lasted 00:05:10 (2320 turns).

Lanoc the Caller (Troll Summoner)                   Turns: 2320, Time: 00:05:11

Health: -7/41      AC:  4    Str: 16    XL:     4   Next: 10%
Magic:  2/4        EV: 10    Int: 12    God:    Kikubaaqudgha [**....]
Gold:   176        SH:  0    Dex: 10    Spells: 0/5 levels left

rFire    . . .     SeeInvis .   (no weapon)
rCold    . . .     Faith    .   (no shield)
rNeg     . . .     Spirit   .   a - +0 robe
rPois    .         Reflect  .   (helmet restricted)
rElec    .         Harm     .   (no cloak)
rCorr    .         Rampage  .   (gloves unavailable)
Will     .....                  (boots unavailable)
Stlth    +.........             d - amulet of magic regeneration
HPRegen  1.13/turn              g - ring of flight
MPRegen  0.34/turn              (no ring)

@: lethally poisoned (-7 -> -13), flying
A: large, unfitting armour, claws 3, regeneration 1, shaggy fur 1, tough skin 1
a: Renounce Religion, Receive Corpses


You were on level 4 of the Dungeon.
You worshipped Kikubaaqudgha.
Kikubaaqudgha was pleased with you.
You visited 1 branch of the dungeon, and saw 4 of its levels.

You collected 176 gold pieces.

Inventory:

Armour
 a - a +0 robe (worn)
Jewellery
 d - an amulet of magic regeneration (around neck)
 g - a ring of flight (left claw)
Scrolls
 f - 3 scrolls of fear
 h - 2 scrolls of teleportation
 i - a scroll of enchant weapon {unknown}
 k - a scroll of fog {unknown}
Potions
 b - 3 potions of cancellation
 c - a potion of heal wounds
 e - 2 potions of curing
 j - 2 potions of might


   Skills:
 + Level 1.2 Fighting
 + Level 2.2 Dodging
 - Level 1.0 Stealth
 - Level 1.2 Spellcasting
 - Level 3.3 Summonings
 * Level 1.4 Necromancy


You couldn't memorise any spells.
You knew the following spells:

 Your Spells              Type           Power      Damage    Failure   Level
a - Pain                  Necr           16%        1d4       17%         1
b - Vampiric Draining     Necr           2%         2d6       45%         3
h - Summon Small Mammal   Summ           32%        N/A       8%          1

Your spell library contained the following spells:

 Spells                   Type           Power      Damage    Failure   Level
 Call Imp                 Summ           8%         N/A       12%         2
 Animate Skeleton         Necr           8%         N/A       17%         1
 Call Canine Familiar     Summ           8%         N/A       22%         3
 Sublimation of Blood     Necr           2%         N/A       26%         2
 Summon Guardian Golem    Hex/Summ       4%         N/A       41%         3
 Summon Ice Beast         Ice/Summ       4%         N/A       83%         4
 Summon Lightning Spire   Summ/Air       4%         N/A       83%         4


Dungeon Overview and Level Annotations

Branches:
Dungeon (4/15)
 Temple: D:4-7

Altars:
Kikubaaqudgha

Shops:
D:4 [


Innate Abilities, Weirdness & Mutations

You are too large for most types of armour.
You have claws for hands.
Your natural rate of healing is unusually fast.
You are covered in fur. (AC +1)
You have tough skin. (AC +1)


Message History

Casting: Pain (safe; 17% risk of failure)
Confirm with . or Enter, or press ? or * to list all spells.
Aiming: Pain (safe; 17% risk of failure)
Press: ? - help, Shift-Dir - straight line, f/p - killer bee
Aim: a killer bee (heavily wounded, chance to affect: 53%)
The killer bee writhes in agony.
You feel sick. The killer bee stings you.
You are more poisoned.
The killer bee poisons you! The killer bee stings you.
It was a potion of heal wounds.
You feel much better.
You feel very sick. The killer bee stings you! The killer bee stings you.
* * * LOW HITPOINT WARNING * * *
You are lethally poisoned!
The killer bee poisons you!
You feel better. The killer bee stings you.
You are poisoned.
The killer bee poisons you! The killer bee barely misses you.
Casting: Pain (safe; 17% risk of failure)
Confirm with . or Enter, or press ? or * to list all spells.
Aiming: Pain (safe; 17% risk of failure)
Press: ? - help, Shift-Dir - straight line, f/p - killer bee
Aim: a killer bee (heavily wounded, chance to affect: 53%)
The killer bee writhes in agony.
You feel sick. The killer bee stings you.
* * * LOW HITPOINT WARNING * * *
The killer bee stings you.
* * * LOW HITPOINT WARNING * * *
Casting: Pain (safe; 17% risk of failure)
Confirm with . or Enter, or press ? or * to list all spells.
Aiming: Pain (safe; 17% risk of failure)
Press: ? - help, Shift-Dir - straight line, f/p - killer bee
Aim: a killer bee (severely wounded, chance to affect: 53%)
The killer bee resists with significant effort.
You feel sick. The killer bee stings you.
* * * LOW HITPOINT WARNING * * *
You are lethally poisoned!
The killer bee poisons you!
An adder comes into view.
The killer bee stings you!
You die...
Kikubaaqudgha rasps: "You have failed me!
Welcome... death!"

#.# #...... #.#
#...... ..#
#...... #.##
#....... ##.S#
#........#####...#
#......#.........#
#......####...#.##
#........@yg....#
#.......#########
#.......#
#.......# #
#.......# #
#.......# #
#####'### #
#.......# #
#.......#


You could see a killer bee, an adder (wandering) and a goblin.

Vanquished Creatures
  2 worms
  4 orcs
  6 ball pythons
  5 bats
  6 endoplasms
  4 giant cockroaches
  5 goblins
  2 hobgoblins
  2 jackals (D:2)
  3 kobolds
  4 quokkas
  4 frilled lizards
  13 rats
60 creatures vanquished.

Vanquished Creatures (collateral kills)
  A goblin (D:1)
1 creature vanquished.

Grand Total: 61 creatures vanquished

Notes
Turn   | Place    | Note
-------+----------+-------------------------------------------
     0 | D:1      | Lanoc the Troll Summoner began the quest for the Orb.
     0 | D:1      | Reached XP level 1. HP: 16/16 MP: 1/1
    78 | D:1      | Reached skill level 3 in Summonings
   250 | D:1      | Reached XP level 2. HP: 26/26 MP: 2/2
   719 | D:2      | Found a faded altar of an unknown god.
   733 | D:2      | Became a worshipper of Kikubaaqudgha
   733 | D:2      | Reached * piety under Kikubaaqudgha
   733 | D:2      | Identified Kikubaaqudgha's Handbook of Stolen Souls
                  | (Kikubaaqudgha gifted it to you on level 2 of the Dungeon)
   733 | D:2      | Received a gift from Kikubaaqudgha
   744 | D:2      | Learned a level 1 spell: Pain
   798 | D:2      | Reached XP level 3. HP: 30/32 MP: 3/3
  1038 | D:2      | Reached skill level 1 in Fighting
  1185 | D:3      | Noticed an orc warrior
  1367 | D:3      | Reached skill level 1 in Necromancy
  1606 | D:3      | Reached ** piety under Kikubaaqudgha
  2102 | D:4      | Found Gicoobb's Armour Boutique.
  2208 | D:4      | Reached XP level 4. HP: 34/41 MP: 2/4
  2212 | D:4      | Learned a level 3 spell: Vampiric Draining
  2320 | D:4      | HP: 1/41 [killer bee (2)]
  2320 | D:4      | Mangled by a killer bee

Illustrated notes

Levels and vault maps discovered:
D:1:      psy_arrival_basics, layout_basic, minmay_rat_gold_closets
D:2:      layout_rooms, basic_ecumenical_altar, serial_park_tiny_2,
          amcnicky_mini_corridor_feature, minmay_tromino_i4
D:3:      layout_loops_ring, st_stairs_10
D:4:      layout_gridville, serial_shops, nicolae_shop_behind_doors,
          nrook_loot_triangle, minmay_misc_feat_four_crosses, minmay_checkerbox

Skill      XL: |  1  2  3 |
---------------+----------+-----
Summonings     | 3 |  3.3
Dodging        | 2 |  2.2
Fighting       | 1 |  1.2
Necromancy     | 1 |  1.4
Stealth        | |  1.0
Spellcasting   | |  1.2

Action                   |  1- 3 |  4- 6 || total
-------------------------+-------+-------++-------
Melee: Unarmed           |   138 |    12 ||   150
 Cast: Summon Small Mamm |     2 |       ||     2
       Pain              |    50 |     9 ||    59
  Use: Scroll            |     5 |       ||     5
       Potion            |       |     2 ||     2
 Stab: Sleeping          |     5 |       ||     5
Armor: Robe              |    70 |     4 ||    74
Dodge: Dodged            |    81 |    10 ||    91

Table legend: (Time is in decaauts)
 A = Elapsed time spent in this place.
 B = Non-inter-level travel time spent in this place.
 C = Inter-level travel time spent in this place.
 D = Time resting spent in this place.
 E = Time spent auto-exploring this place.
 F = Levels seen in this place.
 G = Mean time per level.
                   A        B        C        D        E       F      G
               +--------+--------+--------+--------+--------+-----+--------+
         Total |   2320 |   2265 |     55 |      0 |   1746 |   4 |  580.0 |
       Dungeon |   2320 |   2265 |     55 |      0 |   1746 |   4 |  580.0 |
               +--------+--------+--------+--------+--------+-----+--------+

Top non-repeatable levels by time:
     D:3: 844 daAuts
     D:1: 717 daAuts
     D:2: 508 daAuts
     D:4: 250 daAuts
